 Dungeon Crawl Stone Soup version 0.31-a0-214-gb37851dbb3 (webtiles) character file.

Game seed: 7523623494698440519

8 holysushi the Insei (level 2, 21/21 HPs)
             Began as a Demonspawn Transmuter on July 1, 2023.
             Quit the game on level 1 of the Dungeon.
             The game lasted 00:01:01 (270 turns).

holysushi the Insei (Demonspawn Transmuter)          Turns: 270, Time: 00:01:02

Health: 21/21      AC:  3    Str: 10    XL:     2   Next: 0%
Magic:  5/5        EV: 12    Int: 14    God:
Gold:   27         SH:  0    Dex: 13    Spells: 4/5 levels left

rFire   . .          .
                       - Unarmed
rCold   . . .        (no shield)
rNeg    . . .        a - +0 robe
rPois   .            (no helmet)
rElec   .            (no cloak)
rCorr   .            d - +0 pair of gloves
SInv    .            (no boots)
Will    .....        (no amulet)
Stlth   +            (no ring)
HPRegen 0.23/turn    (no ring)
MPRegen 0.09/turn

%: no passive effects
@: no status effects
A: hooves 1
a: no special abilities


You were on level 1 of the Dungeon.
You visited 1 branch of the dungeon, and saw 1 of its levels.

You collected 27 gold pieces.

Inventory:

Armour
 a - a +0 robe (worn)
 d - a +0 pair of gloves (worn)
Scrolls
 e - a scroll of teleportation {unknown}
Potions
 b - a potion of lignification
 c - a potion of resistance {unknown}


   Skills:
 + Level 1.5 Fighting
 + Level 2.1 Dodging
 - Level 2.6 Unarmed Combat
 - Level 2.0 Spellcasting
 - Level 1.8 Transmutations


You had 4 spell levels left.
You knew the following spells:

 Your Spells              Type           Power      Damage    Failure   Level
a - Beastly Appendage     Tmut           12%        N/A       12%         1

Your spell library contained the following spells:

 Spells                   Type           Power      Damage    Failure   Level
 Wereblood                Tmut           6%         N/A       17%         2
 Spider Form              Tmut/Pois      3%         N/A       45%         3
 Ice Form                 Ice/Tmut       3%         N/A       86%         4


Dungeon Overview and Level Annotations

Branches:
Dungeon (1/15) Zot: 5730

Altars:


Innate Abilities, Weirdness & Mutations

You have large cloven feet.


Message History

The goblin misses you.
You closely miss the goblin. You headbutt the goblin.
You kill the goblin!
Things that are here:
a +0 dagger; a goblin corpse Your transformation is almost over.
e - a scroll labelled SISYOX GAMMI Your horns disappear.
Your talons disappear.
A hobgoblin comes into view.
A hobgoblin is nearby!
A hobgoblin is nearby!
A hobgoblin is nearby!
A hobgoblin is nearby!
A hobgoblin is nearby!
Casting: Beastly Appendage (safe; 12% risk of failure)
Confirm with . or Enter, or press ? or * to list all spells.
You grow a pair of large bovine horns.
Your feet morph into talons.
Found a stone staircase leading down.
The hobgoblin hits you but does no damage.
The hobgoblin barely misses you. The hobgoblin barely misses you.
You barely miss the hobgoblin. You claw the hobgoblin.
The hobgoblin is almost dead.
The hobgoblin closely misses you.
You hit the hobgoblin but do no damage. You claw the hobgoblin.
You kill the hobgoblin!
Your transformation is almost over.
You have reached level 2!
Your demonic ancestry asserts itself...
Your talons look more like feet.
Your talons dull and shrink into feet.
Your feet thicken and deform.
Your horns disappear.
You open the door.
There is an open door here.
A hobgoblin comes into view.
A hobgoblin is nearby!
Casting: Beastly Appendage (safe; 12% risk of failure)
Confirm with . or Enter, or press ? or * to list all spells.
Okay, then.
Are you sure you want to abandon this character and quit the game? (Confirm with "yes".)

...........#
...........# ##
........>..# .#
.#####....## .#
..........# .#
.......#'#######.#.#
.......#...........#
######.#.#########.#.#
................@....#
).....#........###.###
...............# .#
...............# .#
#......#.####### .#
#......#.# g#
.........# .#
.........# .#
.........#


There were no monsters in sight!

Vanquished Creatures
  3 bats (D:1)
  A hobgoblin (D:1)
  A quokka (D:1)
  2 goblins (D:1)
7 creatures vanquished.

Notes
Turn   | Place    | Note
-------+----------+-------------------------------------------
     0 | D:1      | holysushi the Demonspawn Transmuter began the quest for the
                  | Orb.
     0 | D:1      | Reached XP level 1. HP: 15/15 MP: 3/3
   232 | D:1      | Lost mutation: You have razor-sharp toenails. [demonic
                  | ancestry]
   232 | D:1      | Lost mutation: You have sharp toenails. [demonic ancestry]
   232 | D:1      | Gained mutation: You have large cloven feet. [demonic
                  | ancestry]
   232 | D:1      | Reached XP level 2. HP: 21/21 MP: 3/5
   270 | D:1      | Quit the game

Illustrated notes

Levels and vault maps discovered:
D:1:      erik_arrival_triangle_small, layout_basic, wad_woods_river_04

Skill      XL: |  1 |
---------------+----+-----
Dodging        | 2 |  2.1
Fighting       | |  1.5
Unarmed Combat | |  2.6
Spellcasting   | |  2.0
Transmutations | |  1.8

Action                     || total
---------------------------++-------
  Melee: Unarmed           ||    16
         Kick              ||     3
         Headbutt          ||     2
         Punch             ||     1
   Cast: Beastly Appendage ||     5
 Armour: Robe              ||    10
  Dodge: Dodged            ||    21

Table legend: (Time is in decaauts)
 A = Elapsed time spent in this place.
 B = Non-inter-level travel time spent in this place.
 C = Inter-level travel time spent in this place.
 D = Time resting spent in this place.
 E = Time spent auto-exploring this place.
 F = Levels seen in this place.
 G = Mean time per level.
                   A        B        C        D        E       F      G
               +--------+--------+--------+--------+--------+-----+--------+
         Total |    269 |    269 |      0 |      0 |    170 |   1 |  269.0 |
       Dungeon |    269 |    269 |      0 |      0 |    170 |   1 |  269.0 |
               +--------+--------+--------+--------+--------+-----+--------+

Top non-repeatable levels by time:
     D:1: 269 daAuts
